 Dungeon Crawl Stone Soup version 0.28.0 (webtiles) character file.

Game seed: 3955094988530639853

3999 emikaela the Covert (level 10, -10/47 HPs)
             Began as a Felid Cinder Acolyte on Feb 11, 2022.
             Was a Priest of Ignis.
             Mangled by a komodo dragon (20 damage)
             ... on level 1 of the Lair of Beasts.
             The game lasted 00:50:53 (19318 turns).

emikaela the Covert (Felid Cinder Acolyte)         Turns: 19318, Time: 00:50:54

Health: -10/47     AC:  2    Str: 10    XL:     10   Next: 3%
Magic:  1/15       EV: 36    Int: 20    God:    Ignis [***...]
Gold:   543        SH:  0    Dex: 12    Spells: 13/15 levels left
                                        Lives:  0   Deaths: 2

rFire   + . .      SeeInvis +     - Unarmed
rCold   . . .      Faith    .   (shield unavailable)
rNeg    . . .      Spirit   .   (armour unavailable)
rPois   .          Reflect  .   (helmet unavailable)
rElec   .          Harm     .   (cloak unavailable)
rCorr   .          Rampage  .   (gloves unavailable)
Will    +....                   (boots unavailable)
Stlth   +++.......              y - amulet of the acrobat
HPRegen 0.15/turn               x - ring of wizardry
MPRegen 0.14/turn               (no ring)

@: acrobatic, very slow
A: very small, claws 1, fangs 3, see invisible, speed 1, shaggy fur 2, stealthy
paws, no weapons or thrown items, no armour, multi-lived
a: Renounce Religion, Fiery Armour, Foxfire Swarm, Rising Flame


You were on level 1 of the Lair of Beasts.
You worshipped Ignis.
Ignis was most pleased with you.
You visited 2 branches of the dungeon, and saw 11 of its levels.
You also visited: Sewer.

You collected 543 gold pieces.

Inventory:

Jewellery
 x - a ring of wizardry (left paw)
 y - an amulet of the acrobat (around neck)
Wands
 F - a wand of flame (9)
 P - a wand of paralysis (14)
Scrolls
 c - a scroll of summoning {unknown}
 e - a scroll of brand weapon {unknown}
 f - a scroll of fear
 g - a scroll of fog
 i - a scroll of torment {unknown}
 l - a scroll of vulnerability {unknown}
 m - 3 scrolls of magic mapping
 o - a scroll of immolation {!r}
 p - 2 scrolls of teleportation
 q - a scroll of silence {unknown}
 r - a scroll of amnesia {unknown}
 v - a scroll of acquirement {unknown}
 w - a scroll of noise {unknown}
Potions
 a - 2 potions of attraction {unknown}
 b - a potion of invisibility {unknown}
 d - 3 potions of heal wounds {unknown}
 h - 2 potions of cancellation
 j - a potion of mutation {!q}
 k - a potion of flight
 n - 2 potions of might {unknown}
 s - a potion of ambrosia {unknown}
 t - 4 potions of resistance {unknown}
 u - 3 potions of lignification {!q}
 z - a potion of berserk rage {!q}
 A - 2 potions of curing
 B - 2 potions of brilliance {unknown}


   Skills:
 + Level 7.5 Fighting
 + Level 10.2 Dodging
 + Level 11.3 Stealth
 + Level 7.6 Unarmed Combat
 - Level 3.0 Spellcasting
 - Level 7.0 Fire Magic
 - Level 5.0 Evocations


You had 13 spell levels left.
You knew the following spells:

 Your Spells              Type           Power      Damage    Failure   Level
a - Scorch                Fire           62%        2d8       1%          2

Your spell library contained the following spells:

 Spells                   Type           Power      Damage    Failure   Level
 Animate Skeleton         Necr           6%         N/A       6%          1
 Pain                     Necr           12%        1d4       6%          1
 Ensorcelled Hibernation  Hex/Ice        6%         N/A       9%          2
 Spider Form              Tmut/Pois      3%         N/A       16%         3
 Vampiric Draining        Necr           3%         2d6       16%         3
 Fireball                 Conj/Fire      8%         3d6       34%         5
 Anguish                  Hex/Necr       1%         N/A       45%         4
 Iskenderun's Battlesphe  Conj           3%         2d6       80%         5
 Conjure Ball Lightning   Conj/Air       1%         3x3d6     100%        6
 Orb of Destruction       Conj           1%         9d5       100%        7


Dungeon Overview and Level Annotations

Branches:
Dungeon (10/15)            Temple (0/1) D:5            Lair (1/6) D:9
    Orc (0/2) D:10          Sewer (visited)

Altars:
Okawaru

Shops:
D:1 =   D:5 [

Annotations:
D:7 1 runed translucent door, Crazy Yiuf
D:10 exclusion: gargoyle


Innate Abilities, Weirdness & Mutations

You have sharp claws.
You have razor-sharp teeth.
You have supernaturally acute eyesight. (SInv)
You cover ground quickly. (Speed+)
You are covered in thick fur. (AC +2)
Your paws help you pounce on unaware monsters.
You are incapable of wielding weapons or throwing items.
You cannot wear armour.
You gain extra lives every three experience levels.


Message History

The komodo dragon is heavily wounded.
The komodo dragon barely misses you.
Casting: Scorch (safe; 1% risk of failure)
Confirm with . or Enter, or press ? or * to list all spells.
Flames lash the komodo dragon.
The komodo dragon is burned terribly!
The komodo dragon is severely wounded.
* * * LOW MAGIC WARNING * * *
The komodo dragon barely misses you.
Casting: Scorch (safe; 1% risk of failure)
Confirm with . or Enter, or press ? or * to list all spells.
Flames lash the komodo dragon.
The komodo dragon is burned terribly!
The komodo dragon is almost dead.
* * * LOW MAGIC WARNING * * *
The komodo dragon bites you!!
Ouch! That really hurt!
* * * LOW HITPOINT WARNING * * *
You enter the shallow water.
Moving in this stuff is going to be slow.
The komodo dragon completely misses you.
The komodo dragon misses you.
The komodo dragon completely misses you.
The komodo dragon completely misses you.
The komodo dragon hisses menacingly.
Casting: Scorch (safe; 1% risk of failure)
Confirm with . or Enter, or press ? or * to list all spells.
Flames lash the komodo dragon.
The komodo dragon is burned terribly!
The komodo dragon is severely wounded.
* * * LOW MAGIC WARNING * * *
The komodo dragon is no longer more vulnerable to fire.
Casting: Scorch (safe; 1% risk of failure)
Confirm with . or Enter, or press ? or * to list all spells.
Flames lash the komodo dragon.
The komodo dragon is almost dead.
The komodo dragon's fire resistance burns away.
* * * LOW MAGIC WARNING * * *
You enter the shallow water.
Moving in this stuff is going to be slow.
The komodo dragon is no longer more vulnerable to fire.
The komodo dragon bites you!!
You die...

...............................
...............................
.###...#....P...≈.^..##........
.:......#.....≈≈≈≈≈≈.##...##..#
..?.....#....≈≈≈≈≈≈≈≈.....#
........#..≈≈≈≈≈≈≈≈≈≈≈....#
..$.....#...≈≈≈.≈≈≈≈≈.#.=.#
....!...#...≈≈≈†<.≈≈≈≈....#
........#..≈≈≈≈≈@l≈≈≈≈#l..##
............≈≈≈≈≈≈≈≈≈.#....#
........#....≈≈≈≈≈≈≈≈.#....#.##
#.....≈≈≈≈≈≈≈≈...........
.........≈..............
.......................
......................
......................
.(...#######.........


You could see a komodo dragon.

Vanquished Creatures
  Harold (D:9)
  A manticore (D:10)
  2 hornets (D:9)
  Prince Ribbit (D:7)
  2 wraiths
  Sigmund (D:6)
  A wyvern (D:8)
  A shadow (D:10)
  3 yaks
  3 steam dragons (D:7)
  2 humans (D:10)
  2 wargs (D:9)
  An acid dragon (D:10)
  6 water moccasins (Lair:1)
  Pargi (Sewer)
  Duvessa (D:7)
  2 orc warriors
  2 black bears
  A necrophage (D:5)
  5 ogres
  A sky beast (D:6)
  5 wolves
  A phantom (D:4)
  4 centaurs
  2 kobold brigands
  2 gnoll sergeants
  A water moccasin skeleton (D:5)
  Dowan (D:7)
  5 killer bees (D:7)
  5 wights (D:6)
  8 howler monkeys
  12 orc priests
  2 centaur zombies
  A bullfrog skeleton (D:5)
  A gnoll shaman (D:7)
  2 jellies (D:6)
  3 centaur skeletons (D:6)
  4 iguanas
  13 orc wizards
  3 hound skeletons
  11 gnolls
  9 adders
  A white imp (D:5)
  An ufetubus (D:5)
  4 worms
  6 dart slugs
  48 orcs
  11 ball pythons
  2 endoplasms
  4 giant cockroaches
  7 goblins
  9 hobgoblins
  14 kobolds
  5 quokkas
  5 bats
  8 frilled lizards
  7 rats
267 creatures vanquished.

Vanquished Creatures (others)
  6 foxfires (D:4)
  10 plants
16 creatures vanquished.

Grand Total: 283 creatures vanquished

Notes
Turn   | Place    | Note
-------+----------+-------------------------------------------
     0 | D:1      | emikaela the Felid Cinder Acolyte began the quest for the
                  | Orb.
     0 | D:1      | Reached XP level 1. HP: 10/10 MP: 3/3
   399 | D:1      | Reached XP level 2. HP: 13/14 MP: 4/4
   402 | D:1      | Learned a level 2 spell: Scorch
   434 | D:1      | Reached skill level 1 in Stealth
   556 | D:1      | Reached skill level 1 in Dodging
   755 | D:1      | Found Riehity's Jewellery Emporium.
  1059 | D:1      | Found a faded altar of an unknown god.
  1394 | D:2      | Reached XP level 3. HP: 17/17 MP: 5/5
  1993 | D:2      | Reached XP level 4. HP: 21/21 MP: 1/6
  2053 | D:2      | Reached skill level 2 in Stealth
  3023 | D:3      | Reached XP level 5. HP: 22/24 MP: 0/8
  4077 | D:4      | Reached skill level 3 in Stealth
  4269 | D:4      | Found a glowing drain.
  4273 | Sewer    | Entered a sewer
  4329 | Sewer    | Noticed Pargi
  4336 | Sewer    | Killed Pargi
  4337 | Sewer    | Reached skill level 1 in Evocations
  4337 | Sewer    | Gained mutation: You are covered in thick fur. (AC +2)
                  | [Felid growth]
  4337 | Sewer    | Reached XP level 6. HP: 28/28 MP: 0/10
  4691 | D:4      | Reached skill level 4 in Stealth
  4906 | D:4      | Reached XP level 7. HP: 32/32 MP: 11/11
  5971 | D:4      | Reached skill level 5 in Stealth
  6308 | D:5      | Entered Level 5 of the Dungeon
  6940 | D:5      | Reached skill level 5 in Dodging
  7264 | D:5      | Found Wiongabumyi's Armour Emporium.
  7299 | D:5      | Reached XP level 8. HP: 36/36 MP: 5/12
  7319 | D:5      | Reached skill level 6 in Stealth
  7890 | D:5      | Reached skill level 5 in Fire Magic
  8301 | D:4      | Reached skill level 7 in Stealth
  8538 | D:5      | Found a staircase to the Ecumenical Temple.
  8751 | D:5      | Reached skill level 5 in Evocations
  9439 | D:6      | Reached XP level 9. HP: 25/39 MP: 2/13
 10256 | D:6      | Noticed Sigmund
 10269 | D:6      | Killed Sigmund
 10661 | D:6      | Reached skill level 8 in Stealth
 10661 | D:6      | Reached skill level 5 in Unarmed Combat
 10674 | D:6      | Reached skill level 5 in Fighting
 11224 | D:7      | Noticed Dowan
 11237 | D:7      | Killed Dowan
 11791 | D:7      | Found a runed translucent door.
 11792 | D:7      | Noticed Crazy Yiuf
 12236 | D:7      | Noticed Prince Ribbit
 12801 | D:7      | Killed Prince Ribbit
 12802 | D:7      | Reached skill level 9 in Stealth
 12904 | D:7      | Noticed Duvessa
 12938 | D:7      | Killed Duvessa
 14206 | D:8      | Reached XP level 10. HP: 45/45 MP: 10/15
 14759 | D:8      | Engulfed by a cloud of freezing vapour
 14760 | D:8      | Reached XP level 9. HP: -12/61 MP: 14/14
 14964 | D:9      | Found a staircase to the Lair.
 16453 | D:9      | Reached skill level 10 in Stealth
 16539 | D:9      | Noticed Harold
 16552 | D:9      | Killed Harold
 16553 | D:9      | Reached XP level 10. HP: 46/46 MP: 15/15
 17155 | D:10     | Entered Level 10 of the Dungeon
 17509 | D:10     | Found a staircase to the Orcish Mines.
 18113 | D:10     | Noticed a manticore
 18127 | D:10     | Noticed a gargoyle
 18408 | D:10     | Found an iron altar of Okawaru.
 18571 | D:10     | Killed a manticore
 18572 | D:10     | Reached skill level 11 in Stealth
 18803 | Lair:1   | Entered Level 1 of the Lair of Beasts
 18812 | Lair:1   | Noticed an eight-headed hydra
 18851 | Lair:1   | Mangled by an eight-headed hydra
 18852 | Lair:1   | Reached XP level 9. HP: -6/43 MP: 9/14
 18859 | Lair:1   | Reached skill level 10 in Dodging
 19226 | Lair:1   | Noticed a komodo dragon
 19230 | D:9      | Reached XP level 10. HP: 45/47 MP: 7/15
 19318 | Lair:1   | Mangled by a komodo dragon

Illustrated notes

Levels and vault maps discovered:
D:1:      kilobyte_arrival_exit_the_forest, layout_loops_cross,
          shapermc_ecumenical_altar_pompeii, serial_shops, shop
D:2:      cheibrodos_old_hovel, layout_loops_cross, kennysheep_donut
D:3:      layout_basic
D:4:      layout_loops_corners, gup_sewer_entry_bowl
D:5:      layout_rooms, minmay_temple_entry_glassed_door, serial_shops,
          nicolae_shop_advertising_works [nicolae_subvault_shop_adworks],
          serial_bayou_pond_b
D:6:      layout_layer_cave, uniq_sigmund
D:7:      layout_basic, uniq_prince_ribbit1, uniq_duvessa,
          uniq_crazy_yiuf_cottage
D:8:      lemuel_ice_spiral_2, layout_basic, serial_curves, eino_curves_04,
          eino_curves_01
D:9:      layout_basic, erik_lair_orcish_takeover,
          chequers_serial_rivers_micro_c, uniq_harold
D:10:     layout_loops_ring, okawaru_humans, orc_0_dummy
Lair:1:   layout_regular_city, beast_lair_carwin_1, serial_bayou_shore_b,
          infiniplex_staircase_pool_2, lemuel_fruit_fields

Skill      XL: |  1  2  3  4  5  6  7  8  9 10 |
---------------+-------------------------------+-----
Stealth        | 1 2 3 4 5 7 10 11 | 11.3
Dodging        | 1 2 3 5 6 10 | 10.2
Fire Magic     | 3 4 5 6 7 |  7.0
Spellcasting   | 2 3 |  3.0
Evocations     | 1 2 3 5 |  5.0
Fighting       | 4 5 7 |  7.5
Unarmed Combat | 4 6 7 |  7.6

Action                   |  1- 3 |  4- 6 |  7- 9 | 10-12 || total
-------------------------+-------+-------+-------+-------++-------
Melee: Unarmed           |    43 |    31 |    87 |    17 ||   178
       Bite              |     6 |     4 |    13 |     2 ||    25
       Punch             |     1 |       |     3 |     1 ||     5
 Cast: Scorch            |    24 |    66 |   307 |    91 ||   488
Invok: Foxfire Swarm     |       |       |     2 |       ||     2
       Fiery Armour      |       |       |     4 |     1 ||     5
Evoke: Wand              |       |       |     7 |     2 ||     9
  Use: Scroll            |       |     4 |     7 |     1 ||    12
       Potion            |       |       |     1 |     1 ||     2
 Stab: Sleeping          |     3 |     4 |    13 |     1 ||    21
       Paralysed         |       |       |     5 |       ||     5
Armor: Skin              |       |       |    13 |     1 ||    14
Dodge: Dodged            |    20 |    33 |   231 |    67 ||   351
